 Dungeon Crawl Stone Soup version 0.31.0-2-g5a2aebc5c2 (webtiles) character file.

Game seed: 10503255152217912052

32 gelatine the Chucker (level 3, 0/25 HPs)
             Began as a Demonspawn Wanderer on Jan 20, 2024.
             Succumbed to an adder's poison
             ... on level 2 of the Dungeon.
             The game lasted 00:02:23 (646 turns).

gelatine the Chucker (Demonspawn Wanderer)           Turns: 646, Time: 00:02:24

Health: 0/25       AC:  5    Str: 19    XL:     3   Next: 8%
Magic:  3/3        EV: 10    Int: 11    God:
Gold:   79         SH:  4    Dex: 14    Spells: 2/2 levels left

rFire   . . .        l - +0 sling
rCold   . . .        d - +0 buckler
rNeg    . . .        f - +0 leather armour
rPois   .            (no helmet)
rElec   .            (no cloak)
rCorr   .            (no gloves)
SInv    .            (no boots)
Will    .....        (no amulet)
Stlth   +            j - +6 ring of strength
HPRegen 0.24/turn    (no ring)
MPRegen 0.08/turn

%: no passive effects
@: lethally poisoned (0 -> -3)
A: slimy green scales 1, demonic touch 1
a: no special abilities


You were on level 2 of the Dungeon.
You visited 1 branch of the dungeon, and saw 2 of its levels.

You collected 79 gold pieces.

Inventory:

Hand Weapons
 a - a +2 dagger
 c - a +0 spear
 l - a +0 sling (weapon)
Missiles
 b - 3 curare-tipped darts
Armour
 d - a +0 buckler (worn)
 f - a +0 leather armour (worn)
 i - a +0 scale mail
Jewellery
 j - a +6 ring of strength (left hand)
Scrolls
 n - a scroll of poison {unknown}
 o - a scroll of teleportation {unknown}
Potions
 e - 2 potions of lignification
 g - a potion of heal wounds {unknown}
 h - a potion of haste {unknown}
 k - a potion of mutation {unknown}
 m - a potion of enlightenment {unknown}


   Skills:
 + Level 0.5 Fighting
 + Level 0.2 Short Blades
 + Level 1.9 Polearms
 + Level 0.1 Ranged Weapons
 + Level 4.2 Throwing
 + Level 1.0 Armour
 + Level 0.4 Dodging
 + Level 1.1 Stealth
 + Level 1.0 Shields
 + Level 1.0 Evocations


You had 2 spell levels left.
You didn't know any spells.
Your spell library was empty.

Dungeon Overview and Level Annotations

Branches:
Dungeon (2/15)

Altars:

Shops:
D:1 *


Innate Abilities, Weirdness & Mutations

You are partially covered in slimy green scales. (AC +2)
Your touch may inflict minor irresistible damage on your foes.


Message History

The adder bites you but does no damage. The adder bites you.
You are poisoned.
The adder poisons you!
You shoot a sling bullet.
The sling bullet closely misses the adder.
You feel sick. The adder closely misses you. The adder bites you.
You shoot a sling bullet. The sling bullet misses the adder.
You feel sick. The adder bites you but does no damage.
You block the adder's attack.
You shoot a sling bullet. The sling bullet misses the adder.
You feel sick. You block the adder's attack.
The adder bites you but does no damage.
You shoot a sling bullet.
The sling bullet barely misses the adder.
You feel sick.
You are no longer poisoned.
The adder bites you but does no damage. The adder bites you.
You are too injured to fight recklessly!
You are too injured to fight recklessly!
You are too injured to fight recklessly!
You are too injured to fight recklessly!
You shoot a sling bullet.
The sling bullet barely misses the adder.
You block the adder's attack. The adder bites you but does no damage.
You shoot a sling bullet.
The sling bullet barely misses the adder.
The adder bites you.
* * * LOW HITPOINT WARNING * * *
The adder bites you.
* * * LOW HITPOINT WARNING * * *
You shoot a sling bullet.
The sling bullet closely misses the adder.
The adder bites you.
* * * LOW HITPOINT WARNING * * *
You are lethally poisoned!
The adder poisons you! The adder bites you but does no damage.
You shoot a sling bullet. The sling bullet misses the adder.
* * * LOW HITPOINT WARNING * * *
You feel sick.
The adder bites you but does no damage. x2
You shoot a sling bullet. The sling bullet hits the adder.
The adder is moderately wounded.
You die...

...#. # .#. .#. .#. #.
.#. ###.#####.#.
..........#.
...#.##########.####.##.
......S@................
........................
.....######.#.#.........
........................
.....#####..#.#......##.
.. #..#.#......... .
#..#.#...#..##.
########..#.#.........
......................


You could see an adder.

Vanquished Creatures
  2 ball pythons (D:1)
  4 endoplasms
  7 goblins
  4 jackals (D:1)
  2 kobolds (D:1)
  4 quokkas
  A frilled lizard (D:1)
  A rat (D:1)
25 creatures vanquished.

Notes
Turn   | Place    | Note
-------+----------+-------------------------------------------
     0 | D:1      | gelatine the Demonspawn Wanderer began the quest for the
                  | Orb.
     0 | D:1      | gelatine set off with the following items: a +2 dagger, 3
                  | curare-tipped darts, a +0 spear, a +0 buckler, a potion of
                  | lignification, a +0 leather armour.
     0 | D:1      | Reached XP level 1. HP: 13/13 MP: 1/1
    24 | D:1      | Reached skill level 4 in Throwing
    24 | D:1      | Gained mutation: You are partially covered in slimy green
                  | scales. (AC +2) [demonic ancestry]
    24 | D:1      | Reached XP level 2. HP: 12/19 MP: 2/2
    24 | D:1      | Found Gaagaw's Assorted Antiques.
   516 | D:2      | Gained mutation: Your touch may inflict minor irresistible
                  | damage on your foes. [demonic ancestry]
   516 | D:2      | Reached XP level 3. HP: 24/25 MP: 3/3
   646 | D:2      | Succumbed to an adder's poison

Illustrated notes

Levels and vault maps discovered:
D:1:      orjb1_clovarrival, layout_rooms, serial_shops, shop
D:2:      layout_basic, serial_shops, shop, uniq_sigmund, uniq_jessica

Skill      XL: |  1 |
---------------+----+-----
Throwing       | 4 |  4.2
Fighting       | |  0.5
Short Blades   | |  0.2
Polearms       | |  1.9
Ranged Weapons | |  0.1
Armour         | |  1.0
Dodging        | |  0.4
Stealth        | |  1.1
Shields        | |  1.0
Evocations     | |  1.0

Action                     || total
---------------------------++-------
  Melee: Dagger            ||    75
   Fire: Sling             ||    47
 Armour: Leather armour    ||    65
  Dodge: Dodged            ||    52
  Block: Buckler           ||    23
